Match 46449947
Unlisted

Match 46449947
End
Construct Section Command Post
Dingo Light Scout Car
Infantry Section
Infantry Section
Infantry Section
Construct Platoon Command Post
Construct Field Infirmary
Selects Air and Sea Battlegroup
Selects Air and Sea Battlegroup
Selects Supply Surplus
Construct Resource Cache
Construct Resource Cache
Construct Resource Cache
Humber Armored Car
Selects Commando Section Paradrop
Selects Commando Support Section Paradrop
Construct Company Command Post
Crusader II Medium Tank
Crusader II Medium Tank
Foot Guards Section
Grenade Package
Royal Engineer Section
Crusader II Medium Tank
Selects Anti-tank Rocket Loiter
Unlock Bishop Self-propelled Artillery
Selects UNKNOWN (223837)
Bishop Self-propelled Artillery
Bishop Self-propelled Artillery
Light Vehicle Training
Anti-tank Rocket Loiter
Infantry Training
DebaKLeTV
StaRadian((
<CR> Eldho
地雷
楚云飞
고양이귀 에스텔
0
0

Comments sign in to comment!

No comments posted yet!